 Dungeon Crawl Stone Soup version 0.31.0-11-ge490571c62 (webtiles) character file.

Game seed: 14624115790266912068

30 qw the Shooter (level 3, 0/18 HPs)
             Began as a Spriggan Hunter on Feb 3, 2024.
             Succumbed to an adder's poison
             ... on level 2 of the Dungeon.
             The game lasted 00:00:13 (812 turns).

qw the Shooter (Spriggan Hunter)                     Turns: 812, Time: 00:00:14

Health: 0/18       AC:  2    Str: 13    XL:     3   Next: 3%
Magic:  4/4        EV: 19    Int: 10    God:
Gold:   52         SH:  0    Dex: 20    Spells: 2/2 levels left

rFire   . . .        a - +0 shortbow
rCold   . . .        (shield currently unavailable)
rNeg    . . .        c - +0 robe
rPois   .            (helmet restricted)
rElec   .            (no cloak)
rCorr   .            (gloves unavailable)
SInv    +            (boots unavailable)
Will    .....        (no amulet)
Stlth   ++           d - +6 ring of strength
HPRegen 0.23/turn    (no ring)
MPRegen 0.09/turn

%: no passive effects
@: lethally poisoned (0 -> -5), very quick
A: very small, no large weapons, unfitting armour, see invisible, speed 3
a: no special abilities


You were on level 2 of the Dungeon.
You visited 1 branch of the dungeon, and saw 2 of its levels.

You collected 52 gold pieces.


Innate Abilities, Weirdness & Mutations

You are very small and have problems with some larger weapons.
You are too small for most types of armour.
You have supernaturally acute eyesight. (SInv)
You cover ground extremely quickly. (Speed+++)


   Skills:
 - Level 1.5 Fighting
 + Level 4.4 Ranged Weapons
 - Level 4.0 Dodging
 - Level 1.5 Stealth


You had 2 spell levels left.
You didn't know any spells.
Your spell library was empty.

Inventory:

Hand Weapons
 a - a +0 shortbow (weapon)
Armour
 c - a +0 robe (worn)
Jewellery
 b - a ring of flight
 d - a +6 ring of strength (left hand)
Scrolls
 e - a scroll of teleportation {unknown}
Potions
 f - a potion of curing {unknown}

Dungeon Overview and Level Annotations

Branches:
Dungeon (2/15)

Altars:


Message History

Your base attributes are Str 7, Int 10, Dex 18.
Increase (S)trength, (I)ntelligence, or (D)exterity?
You feel agile. x2
You start resting.
HP restored.
Found a stone staircase leading down.
e - a scroll labelled MAWNUE LO NYNU
Found a dagger.
You see here a +0 dagger.
A goblin and an adder come into view.
Found 3 stones.
You shoot an arrow. The arrow hits the goblin!
You kill the goblin!
The adder hisses angrily.
Found 7 stones.
You shoot an arrow. The arrow hits the adder.
The adder is moderately wounded.
The adder misses you.
You shoot an arrow. The arrow barely misses the adder.
The adder completely misses you. The adder closely misses you.
You shoot an arrow. The arrow misses the adder.
The adder misses you. The adder bites you.
You shoot an arrow. The arrow completely misses the adder.
The adder barely misses you.
You shoot an arrow. The arrow closely misses the adder.
The adder closely misses you. The adder misses you.
You shoot an arrow. The arrow barely misses the adder.
The adder bites you.
You are poisoned.
The adder poisons you!
You shoot an arrow. The arrow hits the adder.
The adder is almost dead.
You feel sick. The adder bites you.
You are more poisoned.
The adder poisons you! The adder bites you.
You shoot an arrow. The arrow barely misses the adder.
You feel sick. The adder bites you.
You shoot an arrow. The arrow hits the adder.
You kill the adder!
You die...

##############
##...#........#
.......######.#
##...### #)#
...###
####.#### ##>#
#.......# .#.#
#.##.##.# .#.#
# #.##@# .#.#
#.........#
...#
###.).....#
..## #.......#
...## .....(.(#
....#
##.......#
....# ..#####.#
....# .. .#
...##


There were no monsters in sight!

Vanquished Creatures
  An adder (D:2)
  A ribbon worm (D:2)
  3 ball pythons (D:1)
  An endoplasm (D:1)
  6 hobgoblins (D:1)
  2 jackals (D:1)
  A bat (D:2)
  2 frilled lizards (D:1)
  3 goblins
  2 kobolds (D:1)
  4 rats (D:1)
26 creatures vanquished.

Notes
Turn   | Place    | Note
-------+----------+-------------------------------------------
     0 | D:1      | qw the Spriggan Hunter began the quest for the Orb.
     0 | D:1      | Reached XP level 1. HP: 10/10 MP: 2/2
     0 | D:1      | 0 ||| qw: Version: 0.3-a-155-g5e7d8dd
     0 | D:1      | 0 ||| qw: Game counter: 3286
     0 | D:1      | 0 ||| qw: Melee chars always use a shield: true
     0 | D:1      | 0 ||| qw: God list: Okawaru
     0 | D:1      | 0 ||| qw: Allow faded altars: false
     0 | D:1      | 0 ||| qw: Do Orc after clearing Dungeon:15 true
     0 | D:1      | 0 ||| qw: Do second Lair branch before Depths: true
     0 | D:1      | 0 ||| qw: Lair rune preference: random
     0 | D:1      | 0 ||| qw: Goals: Normal
     0 | D:1      | 0 ||| PLANNING D:1-11
    53 | D:1      | Reached skill level 3 in Dodging
   138 | D:1      | Reached XP level 2. HP: 14/14 MP: 3/3
   629 | D:1      | 629 ||| UPGRADING to +6 ring of strength.
   630 | D:1      | 630 ||| READING scroll labelled ANALLU TEQOPTU.
   657 | D:1      | 657 ||| DROPPING scroll of butterflies.
   732 | D:2      | Reached XP level 3. HP: 12/18 MP: 4/4
   811 | D:2      | HP: 2/18 [adder (3)]
   812 | D:2      | Succumbed to an adder's poison

Levels and vault maps discovered:
D:1:      amcnicky_arrival_wind_blow, layout_loops_ring, serial_bayou_pond_d
D:2:      layout_loops_cross, hellmonk_ecumenical_altar_crossroads,
          cheibrodos_gnoll_hut

Skill      XL: |  1  2 |
---------------+-------+-----
Dodging        | 3 4 |  4.0
Fighting       | |  1.5
Ranged Weapons | |  4.4
Stealth        | |  1.5

Action                     || total
---------------------------++-------
   Fire: Shortbow          ||    71
    Use: Scroll            ||     1
 Armour: Robe              ||    13
  Dodge: Dodged            ||    26

Table legend:
 A = Non-vault XP
 B = Vault XP
 C = Vault XP percentage of total XP
 D = Non-vault monster count
 E = Vault monster count
 F = Vault count percentage of total count
                 A         B        C        D         E       F
            +---------+---------+-------+---------+---------+-------
      Total |      56 |       0 |   0.0 |      26 |       0 |   0.0
            +---------+---------+-------+---------+---------+-------
        D:1 |      35 |       0 |   0.0 |      22 |       0 |   0.0
        D:2 |      21 |       0 |   0.0 |       4 |       0 |   0.0
            +---------+---------+-------+---------+---------+-------
